Workbook

Sheet Etat des stocks
A1: ETAT DES STOCKS
A2: Etat des stocks à jour au : | B2: =TODAY() -> 44573
A4: Matières premières | J4: > Entrer un stock
A5: Article | B5: Stock initial | C5: Entrées | D5: Sorties | E5: Stock Final | F5: Poid entrant | G5: Poid sortant | H5: Chriffre d'affaire | J5: > Entrer une commande
A6: Foie surgelé | C6: =SUMIF('Journal entrées-sorties'!$B$3:$B$300,'Etat des stocks'!A6,'Journal entrées-sorties'!$C$3:$C$300) -> 2 | D6: =H3 -> 0 | E6: =B6+C6-D6 -> 2 | F6: =SUMIF('Journal entrées-sorties'!$B$3:$B$300,'Etat des stocks'!A6,'Journal entrées-sorties'!$D$3:$D$300) -> 13.3 | H6: =C6 -> 2 | J6: > Chiffre d'affaire
A8: Magret | C8: =SUMIF('Journal entrées-sorties'!$B$3:$B$300,'Etat des stocks'!A8,'Journal entrées-sorties'!$C$3:$C$300) -> 0 | D8: =SUMIF('Liste commandes'!$C$3:$C$999,'Etat des stocks'!A8,'Liste commandes'!$D$3:$D$999) -> 0 | E8: =B8+C8-D8 -> 0 | F8: =SUMIF('Journal entrées-sorties'!$B$3:$B$300,'Etat des stocks'!A8,'Journal entrées-sorties'!$D$3:$D$300) -> 0
A9: Magret fumé | C9: =SUMIF('Journal entrées-sorties'!$B$3:$B$300,'Etat des stocks'!A9,'Journal entrées-sorties'!$C$3:$C$300) -> 0 | D9: =SUMIF('Liste commandes'!$C$3:$C$999,'Etat des stocks'!A9,'Liste commandes'!$D$3:$D$999) -> 0 | E9: =B9+C9-D9 -> 0 | F9: =SUMIF('Journal entrées-sorties'!$B$3:$B$300,'Etat des stocks'!A9,'Journal entrées-sorties'!$D$3:$D$300) -> 0
A10: Aguillette | C10: =SUMIF('Journal entrées-sorties'!$B$3:$B$300,'Etat des stocks'!A10,'Journal entrées-sorties'!$C$3:$C$300) -> 0 | D10: =SUMIF('Liste commandes'!$C$3:$C$999,'Etat des stocks'!A10,'Liste commandes'!$D$3:$D$999) -> 0 | E10: =B10+C10-D10 -> 0 | F10: =SUMIF('Journal entrées-sorties'!$B$3:$B$300,'Etat des stocks'!A10,'Journal entrées-sorties'!$D$3:$D$300) -> 0
A11: Confit | C11: =SUMIF('Journal entrées-sorties'!$B$3:$B$300,'Etat des stocks'!A11,'Journal entrées-sorties'!$C$3:$C$300) -> 0 | D11: =SUMIF('Liste commandes'!$C$3:$C$999,'Etat des stocks'!A11,'Liste commandes'!$D$3:$D$999) -> 0 | E11: =B11+C11-D11 -> 0 | F11: =SUMIF('Journal entrées-sorties'!$B$3:$B$300,'Etat des stocks'!A11,'Journal entrées-sorties'!$D$3:$D$300) -> 0
A12: Gésier | C12: =SUMIF('Journal entrées-sorties'!$B$3:$B$300,'Etat des stocks'!A12,'Journal entrées-sorties'!$C$3:$C$300) -> 0 | D12: =SUMIF('Liste commandes'!$C$3:$C$999,'Etat des stocks'!A12,'Liste commandes'!$D$3:$D$999) -> 0 | E12: =B12+C12-D12 -> 0 | F12: =SUMIF('Journal entrées-sorties'!$B$3:$B$300,'Etat des stocks'!A12,'Journal entrées-sorties'!$D$3:$D$300) -> 0
A13: Cuisse à confire | C13: =SUMIF('Journal entrées-sorties'!$B$3:$B$300,'Etat des stocks'!A13,'Journal entrées-sorties'!$C$3:$C$300) -> 0 | D13: =SUMIF('Liste commandes'!$C$3:$C$999,'Etat des stocks'!A13,'Liste commandes'!$D$3:$D$999) -> 0 | E13: =B13+C13-D13 -> 0 | F13: =SUMIF('Journal entrées-sorties'!$B$3:$B$300,'Etat des stocks'!A13,'Journal entrées-sorties'!$D$3:$D$300) -> 0
A14: Graisse de canard | C14: =SUMIF('Journal entrées-sorties'!$B$3:$B$300,'Etat des stocks'!A14,'Journal entrées-sorties'!$C$3:$C$300) -> 0 | D14: =SUMIF('Liste commandes'!$C$3:$C$999,'Etat des stocks'!A14,'Liste commandes'!$D$3:$D$999) -> 0 | E14: =B14+C14-D14 -> 0 | F14: =SUMIF('Journal entrées-sorties'!$B$3:$B$300,'Etat des stocks'!A14,'Journal entrées-sorties'!$D$3:$D$300) -> 0
A15: Graisse de canard bidon | C15: =SUMIF('Journal entrées-sorties'!$B$3:$B$300,'Etat des stocks'!A15,'Journal entrées-sorties'!$C$3:$C$300) -> 0 | D15: =SUMIF('Liste commandes'!$C$3:$C$999,'Etat des stocks'!A15,'Liste commandes'!$D$3:$D$999) -> 0 | E15: =B15+C15-D15 -> 0 | F15: =SUMIF('Journal entrées-sorties'!$B$3:$B$300,'Etat des stocks'!A15,'Journal entrées-sorties'!$D$3:$D$300) -> 0
A16: Canard complet | C16: =SUMIF('Journal entrées-sorties'!$B$3:$B$300,'Etat des stocks'!A16,'Journal entrées-sorties'!$C$3:$C$300) -> 0 | D16: =SUMIF('Liste commandes'!$C$3:$C$999,'Etat des stocks'!A16,'Liste commandes'!$D$3:$D$999) -> 0 | E16: =B16+C16-D16 -> 0 | F16: =SUMIF('Journal entrées-sorties'!$B$3:$B$300,'Etat des stocks'!A16,'Journal entrées-sorties'!$D$3:$D$300) -> 0
A18: Produits
A19: Article | B19: Stock initial | C19: Entrées | D19: Sorties | E19: Stock Final | F19: Poid entrant | G19: Poid sortant | H19: Chiffre d'affaire
A20: Bocal 180 g | C20: =SUMIF('Journal entrées-sorties'!$B$3:$B$300,'Etat des stocks'!A20,'Journal entrées-sorties'!$C$3:$C$300) -> 0 | D20: =SUMIF('Liste commandes'!$C$3:$C$999,'Etat des stocks'!A20,'Liste commandes'!$D$3:$D$999) -> 0 | E20: =B20+C20-D20 -> 0 | F20: =SUMIF('Journal entrées-sorties'!$B$3:$B$300,'Etat des stocks'!A20,'Journal entrées-sorties'!$D$3:$D$300) -> 0
A21: Bocal 280 g | C21: =SUMIF('Journal entrées-sorties'!$B$3:$B$300,'Etat des stocks'!A21,'Journal entrées-sorties'!$C$3:$C$300) -> 0 | D21: =SUMIF('Liste commandes'!$C$3:$C$999,'Etat des stocks'!A21,'Liste commandes'!$D$3:$D$999) -> 0 | E21: =B21+C21-D21 -> 0 | F21: =SUMIF('Journal entrées-sorties'!$B$3:$B$300,'Etat des stocks'!A21,'Journal entrées-sorties'!$D$3:$D$300) -> 0
A22: Torchon | C22: =SUMIF('Journal entrées-sorties'!$B$3:$B$300,'Etat des stocks'!A22,'Journal entrées-sorties'!$C$3:$C$300) -> 0 | D22: =SUMIF('Liste commandes'!$C$3:$C$999,'Etat des stocks'!A22,'Liste commandes'!$D$3:$D$999) -> 0 | E22: =B22+C22-D22 -> 0 | F22: =SUMIF('Journal entrées-sorties'!$B$3:$B$300,'Etat des stocks'!A22,'Journal entrées-sorties'!$D$3:$D$300) -> 0

Sheet Chiffre d'affaire
B1: Chiffre d'affaires
A2: JANVIER | B2: =SUMIF(#REF!,#REF!,#REF!) -> #REF!
A3: FÉVRIER | B3: =SUMIF(#REF!,#REF!,#REF!) -> #REF!
A4: MARS | B4: =SUMIF(#REF!,#REF!,#REF!) -> #REF!
A5: AVRIL | B5: =SUMIF(#REF!,#REF!,#REF!) -> #REF!
A6: MAI | B6: =SUMIF(#REF!,#REF!,#REF!) -> #REF!
A7: JUIN | B7: =SUMIF(#REF!,#REF!,#REF!) -> #REF!
A8: JUILLET | B8: =SUMIF(#REF!,#REF!,#REF!) -> #REF!
A9: AOÛT | B9: =SUMIF(#REF!,#REF!,#REF!) -> #REF!
A10: SEPTEMBRE | B10: =SUMIF(#REF!,#REF!,#REF!) -> #REF!
A11: OCTOBRE | B11: =SUMIF(#REF!,#REF!,#REF!) -> #REF!
A12: NOVEMBRE | B12: =SUMIF(#REF!,#REF!,#REF!) -> #REF!
A13: DÉCEMBRE | B13: =SUMIF(#REF!,#REF!,#REF!) -> #REF!
A15: TOTAL | B15: =SUM(B2:B13) -> #REF!

Sheet Base produits
A1: Description | B1: Prix de vente € HT | D1: Remarques | F1: Coût d'achat du produit | G1: Cout d'achat au kilo | H1: Coeff. marge
A2: Aguillette | B2: 17 | C2: Kilo | F2: 6 | G2: =F2/100 -> 0.06 | H2: =IF(ISERROR(B2/F2),"",B2/F2) -> 2.8333333
A3: Bocal 180 g | B3: 18 | C3: Unité | F3: 0 | G3: =F3/100 -> 0 | H3: =IF(ISERROR(B3/F3),"",B3/F3)
A4: Bocal 280 g | B4: 24 | C4: Unité | F4: 0 | G4: =F4/100 -> 0 | H4: =IF(ISERROR(B4/F4),"",B4/F4)
A5: Canard complet | B5: 40 | C5: Unité | F5: 30 | G5: =F5/100 -> 0.3 | H5: =IF(ISERROR(B5/F5),"",B5/F5) -> 1.3333333
A6: Confit | B6: 3.5 | C6: Unité | F6: 2 | G6: =F6/100 -> 0.02 | H6: =IF(ISERROR(B6/F6),"",B6/F6) -> 1.75
A7: Cuisse à confire | B7: 2.2 | C7: Unité | F7: 1.1 | G7: =F7/100 -> 0.011 | H7: =IF(ISERROR(B7/F7),"",B7/F7) -> 2
A8: Foie surgelé | B8: 45 | C8: Kilo | F8: 30 | G8: =F8/100 -> 0.3 | H8: =IF(ISERROR(B8/F8),"",B8/F8) -> 1.5
A9: Gésier | B9: 8 | C9: Unité | F9: 5 | G9: =F9/100 -> 0.05 | H9: =IF(ISERROR(B9/F9),"",B9/F9) -> 1.6
A10: Graisse de canard | B10: 4 | C10: Unité | F10: 2 | G10: =F10/100 -> 0.02 | H10: =IF(ISERROR(B10/F10),"",B10/F10) -> 2
A11: Graisse de canard bidon | B11: 16 | C11: Unité | F11: 10 | G11: =F11/100 -> 0.1 | H11: =IF(ISERROR(B11/F11),"",B11/F11) -> 1.6
A12: Magret | B12: 17 | C12: Kilo | F12: 6 | G12: =F12/100 -> 0.06 | H12: =IF(ISERROR(B12/F12),"",B12/F12) -> 2.8333333
A13: Magret fumé | B13: 5 | C13: Unité | F13: 3 | G13: =F13/100 -> 0.03 | H13: =IF(ISERROR(B13/F13),"",B13/F13) -> 1.6666667
A14: Torchon | B14: 80 | C14: Unité | F14: 0 | G14: =F14/100 -> 0 | H14: =IF(ISERROR(B14/F14),"",B14/F14)
H15: =IF(ISERROR(B15/F15),"",B15/F15)
H16: =IF(ISERROR(B16/F16),"",B16/F16)
H17: =IF(ISERROR(B17/F17),"",B17/F17)

Sheet Journal entrées-sorties
A1: Listes commandes
A2: Date | B2: Article | C2: Quantité | D2: Poids
B3: Foie surgelé | C3: 4 | D3: 11
B4: Foie surgelé | C4: -2 | D4: 2.3

Sheet Liste commandes
A1: Listes commandes
A2: Date | B2: Nom client | C2: Article | D2: Quantité | E2: Poids | F2: Quantitéxpoid | G2: Prix | H2: Livré | I2: Payé
F3: =D3*E3 -> 0 | G3: =SUMIFS(C3:C500,'Base produits'!A2,F3*'Base produits'!A2) -> #VALUE! | H3: X | I3: Virement
F4: =D4*E4 -> 0
F5: =D5*E5 -> 0
F6: =D6*E6 -> 0
F7: =D7*E7 -> 0
F8: =D8*E8 -> 0
F9: =D9*E9 -> 0
F10: =D10*E10 -> 0
F11: =D11*E11 -> 0
F12: =D12*E12 -> 0
F13: =D13*E13 -> 0
F14: =D14*E14 -> 0
F15: =D15*E15 -> 0
... F1522: =D1522*E1522 -> 0

Sheet Lexique
A1: Désignation produits | C1: TVA | E1: Mode de Paiement
A2: Aguillette | C2: 0.055 | E2: Chèque
A3: Bocal 180 g | C3: 0.1 | E3: Espèce
A4: Bocal 280 g | C4: 0.2 | E4: Virement
A5: Canard complet
A6: Confit
A7: Cuisse à confire
A8: Foie surgelé
A9: Gésier
A10: Graisse de canard
A11: Graisse de canard bidon
A12: Magret
A13: Magret fumé
A14: Torchon
